 Dungeon Crawl Stone Soup version 0.26-a0-812-g31a745ddcd (webtiles) character file.

Game seed: 14400141230899282644

84 Dracia the Conjurer (level 4, 0/33 HPs)
             Began as a Draconian Conjurer on Dec 7, 2020.
             Slain by Grinder (5 damage)
             ... on level 3 of the Dungeon.
             The game lasted 00:03:46 (3043 turns).

Dracia the Conjurer (Draconian Conjurer)            Turns: 3043, Time: 00:03:47

Health: 0/33       AC:  5    Str:  9    XL:     4   Next: 23%
Magic:  1/8        EV: 12    Int: 19    God:
Gold:   128        SH:  0    Dex: 10    Spells: 2/8 levels left

rFire    . . .     SeeInvis .   c - +0 dagger
rCold    . . .     Faith    .   (no shield)
rNeg     . . .     Spirit   .   (armour unavailable)
rPois    .         Reflect  .   (helmet restricted)
rElec    .         Harm     .   (no cloak)
rCorr    .         Rampage  .   (no gloves)
MR       .....                  (no boots)
Stlth    ++........             (no amulet)
HPRegen  0.11/turn              (no ring)
MPRegen  0.11/turn              (no ring)

@: very slightly contaminated, invisible
A: unfitting armour, cold-blooded, AC +5
a: no special abilities


You were on level 3 of the Dungeon.
You visited 1 branch of the dungeon, and saw 3 of its levels.

You collected 128 gold pieces.


Innate Abilities, Weirdness & Mutations

Your plain brown scales are hard. (AC +5)
You cannot fit into any form of body armour.
You are cold-blooded and may be slowed by cold attacks.


   Skills:
 - Level 1.7 Dodging
 - Level 1.7 Stealth
 + Level 2.8 Spellcasting
 * Level 5.3 Conjurations


You had 2 spell levels left.
You knew the following spells:

 Your Spells              Type           Power        Failure   Level
d - Dazzling Flash        Conj/Hex       ##....       16%         3
s - Searing Ray           Conj           ###...       2%          2
z - Magic Dart            Conj           ###.         1%          1

Your spell library contained the following spells:

 Spells                   Type           Power        Failure   Level
 Fulminant Prism          Conj/Hex       ##........   45%         4
 Iskenderun's Mystic Bla  Conj/Tloc      ##......     45%         4

Inventory:

Hand Weapons
 c - a +0 dagger (weapon)
Missiles
 g - 9 poisoned darts (quivered)
Scrolls
 b - 4 scrolls of identify {@r1@r1}
 e - a scroll of teleportation {@r4@r4}
Potions
 d - a potion of lignification

Dungeon Overview and Level Annotations

Branches:
Dungeon (3/15)

Altars:

Annotations:
D:3 Grinder

##.....## ##.......##
#.........# #.........#
#.........# .# ...
#.........# #.# ....
#.........## #.#.... .
#..........## #.#... ..
#......<@5..###.#.# .#
#.................#..#
#.........###>#.....###
#.........# #...#......
.........## ##......#
.[......## ##........
......#.. .........
......... ...ยง......
..[.... ..#..#....#


You could see Grinder.


Message History

* * * LOW HITPOINT WARNING * * *
You hit Grinder but do no damage.
Grinder is moderately wounded.
Grinder closely misses you.
Unknown command.
Okay, then.
You fade into invisibility!
Grinder says, "DUCK!"
Grinder blinks!
You are very lightly contaminated with residual magic.
Grinder says, "Just stop there for a second..."
You hit Grinder but do no damage.
Your tail-slap misses Grinder.
Grinder is moderately wounded.
Grinder says, "Wait up."
Grinder hits you but does no damage.
You hit Grinder but do no damage.
You tail-slap Grinder, but do no damage.
Grinder is moderately wounded.
Grinder gestures at you.
You barely resist. You hit Grinder but do no damage.
Grinder is moderately wounded.
Grinder hits you.
* * * LOW HITPOINT WARNING * * *
You writhe in agony.
* * * LOW HITPOINT WARNING * * *
You hit Grinder but do no damage.
Grinder is moderately wounded.
Grinder hits you.
You die...

Skill      XL: |  1  2  3 |
---------------+----------+-----
Conjurations   | 5 |  5.3
Dodging        | |  1.7
Stealth        | |  1.7
Spellcasting   | |  2.8

Action                   |  1- 3 |  4- 6 || total
-------------------------+-------+-------++-------
Melee: Unarmed           |    21 |       ||    21
       Tailslap          |     7 |     1 ||     8
       Dagger            |    44 |     6 ||    50
 Cast: Magic Dart        |    59 |    24 ||    83
  Use: Scroll            |       |     4 ||     4
       Potion            |       |     4 ||     4
Armor: Skin              |    25 |     1 ||    26
Dodge: Dodged            |    47 |     2 ||    49

Levels and vault maps discovered:
D:1:      eino_arrival_cavern_c, layout_loops_ring, minmay_three_crescents
D:2:      layout_basic
D:3:      layout_rooms, eat_drink_and_be_merry_uskayaw, uniq_grinder

Notes
Turn   | Place    | Note
-------+----------+-------------------------------------------
     0 | D:1      | Dracia the Draconian Conjurer began the quest for the Orb.
     0 | D:1      | Reached XP level 1. HP: 14/14 MP: 3/3
   160 | D:1      | HP: 1/14 [dart slug/slug dart (4)]
   161 | D:1      | Reached XP level 2. HP: 2/20 MP: 1/5
   198 | D:1      | Learned a level 2 spell: Searing Ray
  1110 | D:1      | Reached XP level 3. HP: 26/26 MP: 0/6
  1732 | D:2      | Reached skill level 5 in Conjurations
  1831 | D:2      | Reached XP level 4. HP: 33/33 MP: 0/8
  2528 | D:3      | Noticed Grinder
  2545 | D:2      | Learned a level 3 spell: Dazzling Flash
  3043 | D:3      | Slain by Grinder

Vanquished Creatures
  3 adders (D:2)
  2 oozes
  A dart slug (D:1)
  A leopard gecko (D:1)
  A ball python (D:1)
  5 bats
  3 giant cockroaches
  2 hobgoblins (D:1)
  5 jackals (D:1)
  3 frilled lizards
  6 goblins
  5 kobolds
  6 rats
43 creatures vanquished.

Table legend: (Time is in decaauts)
 A = Elapsed time spent in this place.
 B = Non-inter-level travel time spent in this place.
 C = Inter-level travel time spent in this place.
 D = Time resting spent in this place.
 E = Time spent auto-exploring this place.
 F = Levels seen in this place.
 G = Mean time per level.
                   A        B        C        D        E       F      G
               +--------+--------+--------+--------+--------+-----+--------+
         Total |   3043 |   2847 |    196 |    926 |   1649 |   3 | 1014.3 |
       Dungeon |   3043 |   2847 |    196 |    926 |   1649 |   3 | 1014.3 |
               +--------+--------+--------+--------+--------+-----+--------+

Top non-repeatable levels by time:
     D:2: 1550 daAuts
     D:1: 1409 daAuts
     D:3: 83 daAuts

Table legend:
 A = Non-vault XP
 B = Vault XP
 C = Vault XP percentage of total XP
 D = Non-vault monster count
 E = Vault monster count
 F = Vault count percentage of total count
                 A         B        C        D         E       F
            +---------+---------+-------+---------+---------+-------
      Total |     110 |      10 |   8.3 |      37 |       6 |  14.0
            +---------+---------+-------+---------+---------+-------
        D:1 |      40 |      10 |  20.0 |      20 |       6 |  23.1
        D:2 |      61 |       0 |   0.0 |      15 |       0 |   0.0
        D:3 |       9 |       0 |   0.0 |       2 |       0 |   0.0
            +---------+---------+-------+---------+---------+-------
